 Dungeon Crawl Stone Soup version 0.30-a0-424-g7412bad402 (webtiles) character file.

Game seed: 12940193573777011862

13910 pokeman the Eclecticist (level 11, 0/63 HPs)
             Began as a Deep Elf Hedge Wizard on Dec 9, 2022.
             Was a Priest of Vehumet.
             Slain by a red devil
             ... wielding a +0 trident
             ... summoned by a kobold demonologist
              (7 damage)
             ... on level 11 of the Dungeon.
             The game lasted 00:32:29 (13999 turns).

pokeman the Eclecticist (Deep Elf Hedge Wizard)    Turns: 13999, Time: 00:32:30

Health: 0/63       AC:  9    Str:  7    XL:     11   Next: 81%
Magic:  14/33      EV: 12    Int: 24    God:    Vehumet [***...]
Gold:   413        SH:  5    Dex: 14    Spells: 22/43 levels left

rFire   + . .      SeeInvis .    t - +1 hand axe (elec)
rCold   x . .      Faith    .    (no shield)
rNeg    . . .      Spirit   .    N - +3 leather armour
rPois   .          Reflect  +    C - +0 hat {Stlth+}
rElec   +          Harm     .    (no cloak)
rCorr   .          Rampage  .    (no gloves)
Will    ++...                    I - +2 pair of boots
Stlth   +++.......               b - amulet of reflection
HPRegen 0.30/turn                n - ring "Ruruc" {rElec Will+}
MPRegen 0.23/turn                K - ring of fire

@: lethally poisoned (0 -> -2), spiked
A: no striking features
a: Renounce Religion


You were on level 11 of the Dungeon.
You worshipped Vehumet.
Vehumet was most pleased with you.
You visited 2 branches of the dungeon, and saw 12 of its levels.
You also visited: Sewer.

You collected 608 gold pieces.
You spent 195 gold pieces at shops.

Inventory:

Hand Weapons
 t - a +1 hand axe of electrocution (weapon)
 L - a +0 arbalest
 S - a +0 vampiric demon whip
Missiles
 B - 2 throwing nets
 Q - 6 curare-tipped darts
Armour
 i - +0 acid dragon scales
 C - a +0 hat of stealth (worn)
 I - a +2 pair of boots (worn)
 M - an orb of light
 N - a +3 leather armour (worn)
 P - a +0 robe of cold resistance
 T - a +0 kite shield
Jewellery
 a - a ring of willpower
 b - an amulet of reflection (around neck)
 k - a +4 ring of protection
 n - the ring "Ruruc" (left hand) {rElec Will+}
   (You took it off a gnoll on level 3 of the Dungeon)

   [ring of willpower]

   rElec:     It insulates you from electricity.
   Will:      It increases your willpower.
 u - a +6 ring of intelligence
 x - an amulet of guardian spirit
 K - a ring of fire (right hand)
Wands
 c - a wand of paralysis (8)
 O - a wand of flame (21)
Scrolls
 e - 14 scrolls of identify {unknown}
 f - 4 scrolls of magic mapping {unknown}
 h - 4 scrolls of fog {unknown}
 l - 2 scrolls of teleportation {unknown}
 m - 3 scrolls of poison {unknown}
 o - a scroll of enchant armour {unknown}
 q - a scroll of immolation {unknown}
 s - a scroll of enchant weapon {unknown}
 w - a scroll of summoning {unknown}
 y - a scroll of brand weapon {unknown}
 E - a scroll of noise {unknown}
 F - a scroll of blinking {unknown}
 G - a scroll of fear {unknown}
 U - a scroll of acquirement {unknown}
Potions
 d - 5 potions of magic
 g - 5 potions of curing {unknown}
 j - 7 potions of heal wounds {unknown}
 p - 2 potions of might
 r - 2 potions of flight {unknown}
 v - 3 potions of mutation {unknown}
 z - a potion of cancellation {unknown}
 A - a potion of haste
 D - a potion of resistance {unknown}
 H - 3 potions of lignification {unknown}
 J - 3 potions of degeneration {unknown}
 R - a potion of brilliance {unknown}


   Skills:
 - Level 5.0 Fighting
 - Level 5.0 Armour
 - Level 3.0 Dodging
 - Level 3.1 Stealth
 + Level 1.1 Shields
 * Level 16.5 Spellcasting
 + Level 9.9 Conjurations
 - Level 1.1 Summonings
 - Level 1.1 Translocations
 + Level 6.5 Fire Magic
 - Level 2.1 Air Magic
 - Level 2.0 Earth Magic
 - Level 1.0 Poison Magic
 - Level 1.2 Evocations


You had 22 spell levels left.
You knew the following spells:

 Your Spells              Type           Power      Damage    Failure   Level
a - Magic Dart            Conj           100%       1d8       1%          1
b - Mephitic Cloud        Conj/Pois/Air  40%        N/A       1%          3
c - Call Imp              Summ           25%        N/A       3%          2
d - Blink                 Tloc           50%        N/A       3%          2
e - Flame Wave            Conj/Fire      73%        2d16      1%          4
f - Iron Shot             Conj/Erth      24%        9d5       13%         6
g - Stone Arrow           Conj/Erth      96%        3d13      1%          3

Your spell library contained the following spells:

 Spells                   Type           Power      Damage    Failure   Level
 Dazzling Flash           Conj/Hex       86%        N/A       1%          3
 Poisonous Vapours        Pois/Air       54%        N/A       1%          2
 Scorch                   Fire           100%       2d10      1%          2
 Slow                     Hex            76%        N/A       3%          1
 Sting                    Tmut/Pois      88%        1d7       3%          1
 Cigotuvi's Dreadful Rot  Necr/Pois/Air  48%        N/A       3%          2
 Olgreb's Toxic Radiance  Pois           24%        N/A       7%          4
 Lee's Rapid Deconstruct  Erth           14%        3d9*      12%         5
 Animate Armour           Summ/Erth      54%        N/A       21%         4
 Leda's Liquefaction      Hex/Erth       12%        N/A       26%         4
 Blade Hands              Tmut           9%         N/A       71%         5
 Summon Cactus Giant      Summ           12%        N/A       98%         6


Dungeon Overview and Level Annotations

Branches:
Dungeon (11/15)            Temple (1/1) D:6             Orc (0/2) D:9
  Sewer (visited)
   Lair: D:8-11

Altars:
Cheibriados
Dithmenos
Fedhas
Gozag
Hepliaklqana
Makhleb
Nemelex Xobeh
Okawaru
Ru
Sif Muna
Trog
Uskayaw
Vehumet
Wu Jian
Yredelemnul
Zin
The Shining One

Shops:
D:2 [[   D:3 (   D:4 =   D:7 (   D:11 :

Annotations:
D:10 Gold behind grate
D:11 exclusion: obsidian statue


Message History

Press: ? - help, Shift-Dir - straight line, f/p - kobold demonologist
Aim: a kobold demonologist, wielding a +0 dagger and wearing a +0 robe (heavily wounded, 67% to hit)
The stone arrow hits the kobold demonologist!
The kobold demonologist is almost dead.
You feel sick.
The kobold demonologist hits you with a +0 dagger.
* * * LOW HITPOINT WARNING * * *
The kobold brigand hits the red devil with a +0 dagger!
The red devil hits you from afar with a +0 trident.
* * * LOW HITPOINT WARNING * * *
Barbed spikes become lodged in your body.
Casting: Stone Arrow (safe; 1% risk of failure)
Confirm with . or Enter, or press ? or * to list all spells.
Aiming: Stone Arrow (safe; 1% risk of failure)
Press: ? - help, Shift-Dir - straight line, f/p - kobold demonologist
Aim: a kobold demonologist, wielding a +0 dagger and wearing a +0 robe (almost dead, 67% to hit)
The stone arrow misses the kobold demonologist.
The stone arrow hits the red devil!!
The red devil is almost dead.
You feel sick.
The kobold demonologist gestures wildly while chanting.
The red devil barely misses you.
Unknown command.
Casting: Stone Arrow (safe; 1% risk of failure)
Confirm with . or Enter, or press ? or * to list all spells.
Aiming: Stone Arrow (safe; 1% risk of failure)
Press: ? - help, Shift-Dir - straight line, f/p - kobold demonologist
Aim: a kobold demonologist, wielding a +0 dagger and wearing a +0 robe (almost dead, 67% to hit)
The stone arrow misses the kobold demonologist.
The stone arrow misses the red devil.
The stone arrow hits the kobold brigand!!
You kill the kobold brigand!
Vehumet accepts your kill.
Vehumet offers you knowledge of Dazzling Flash.
You feel your power returning.
You feel sick.
The ufetubus hits you but does no damage. x2
You block the ufetubus's attack. The ufetubus closely misses you.
The kobold demonologist miscasts a cantrip.
The red devil hits you from afar with a +0 trident!
You die...

####+######
#.........#
###.........#
#5'...†)....#
#@#....†....#
....°3K5#.........#
....○4###........)#
...... #.........#
...). #.........##
####'
##+#####)..### #...
###...###
########.## ###...#
#.........# ##...


You could see a soul eater (summoned), a kobold demonologist, a red devil
(summoned) and 2 ufetubi.

Vanquished Creatures
  Gastronok (D:8)
  Josephine (D:11)
  The ghost of horus123 the Tainted, a journeyman DsWn of Yredelemnul (D:9)
  Erica (D:9)
  2 kobold demonologists (D:11)
  2 hornets (D:9)
  Prince Ribbit (D:9)
  3 vampires
  3 wraiths (D:11)
  A ynoxinul (D:9)
  A wyvern (D:9)
  19 yaks
  3 steam dragons
  Grum (D:11)
  An acid dragon (D:8)
  A water moccasin (D:5)
  A sky beast (D:7)
  5 ice beasts
  4 black bears
  2 ogres
  3 orc warriors
  4 wolves (D:11)
  7 centaurs
  5 bullfrogs
  6 kobold brigands
  A necrophage (D:5)
  A gnoll sergeant (D:10)
  A scorpion (D:5)
  3 wights (D:8)
  9 killer bees (D:9)
  A howler monkey (D:8)
  2 hounds
  4 jellies
  3 orc priests
  2 iguanas
  9 orc wizards
  12 adders
  9 gnolls
  4 river rats
  2 shadow imps
  2 white imps
  2 worms
  5 dart slugs
  38 orcs
  12 ball pythons
  5 bats
  7 endoplasms
  4 giant cockroaches
  8 goblins
  12 hobgoblins
  2 jackals (Sewer)
  5 quokkas
  10 frilled lizards
  19 kobolds
  10 rats
  2 bushes (D:9)
285 creatures vanquished.

Vanquished Creatures (collateral kills)
  Maggie (D:7)
  A wyvern (D:9)
  A water moccasin (D:6)
  An orc warrior (D:7)
  An orc priest (D:7)
  2 orcs (D:7)
7 creatures vanquished.

Vanquished Creatures (others)
  A jelly (D:7)
  15 plants
16 creatures vanquished.

Grand Total: 308 creatures vanquished

Notes
Turn   | Place    | Note
-------+----------+-------------------------------------------
     0 | D:1      | pokeman the Deep Elf Hedge Wizard began the quest for the
                  | Orb.
     0 | D:1      | Reached XP level 1. HP: 10/10 MP: 7/7
   379 | D:1      | Reached XP level 2. HP: 15/15 MP: 7/9
   720 | D:1      | Reached skill level 5 in Spellcasting
   945 | D:1      | Reached XP level 3. HP: 20/20 MP: 8/11
   949 | D:1      | Learned a level 3 spell: Mephitic Cloud
   952 | D:1      | Learned a level 2 spell: Call Imp
   955 | D:1      | Learned a level 2 spell: Blink
  1404 | D:2      | Found Taageget's Armour Boutique.
  1463 | D:2      | Found Onuetih's Antique Armour Boutique.
  1471 | D:2      | Reached skill level 1 in Fighting
  1471 | D:2      | Reached skill level 1 in Armour
  2638 | D:3      | Reached XP level 4. HP: 25/25 MP: 9/13
  3003 | D:3      | Reached XP level 5. HP: 29/29 MP: 9/15
  3007 | D:3      | Identified the ring "Ruruc" {rElec Will+}
  3025 | D:3      | Reached skill level 6 in Spellcasting
  3183 | D:3      | Reached skill level 1 in Poison Magic
  3311 | D:3      | Reached skill level 1 in Air Magic
  3668 | D:3      | Found Ysuylir's Weapon Boutique.
  4140 | D:4      | Found Ysyos's Jewellery Boutique.
  4243 | D:4      | Reached XP level 6. HP: 34/34 MP: 14/17
  4865 | D:4      | Reached skill level 7 in Spellcasting
  5179 | D:5      | Entered Level 5 of the Dungeon
  5180 | D:5      | Noticed an ice beast
  5327 | D:5      | Killed an ice beast
  5427 | D:5      | Reached XP level 7. HP: 39/39 MP: 10/19
  5483 | D:5      | Found a glowing drain.
  5498 | Sewer    | Entered a sewer
  6013 | Sewer    | Reached skill level 1 in Evocations
  6484 | D:5      | Reached skill level 8 in Spellcasting
  7067 | D:2      | Bought a pair of runed boots for 195 gold pieces
  7324 | D:6      | Reached skill level 9 in Spellcasting
  7324 | D:6      | Reached XP level 8. HP: 44/44 MP: 17/23
  7397 | D:6      | Reached skill level 5 in Conjurations
  7602 | D:6      | Found a staircase to the Ecumenical Temple.
  7626 | D:6      | Reached skill level 10 in Spellcasting
  7630 | Temple   | Entered the Ecumenical Temple
  7678 | Temple   | Became a worshipper of Vehumet
  8243 | D:7      | Found Fuacalua's Weapon Emporium.
  8390 | D:7      | Noticed Maggie
  8403 | D:7      | Reached skill level 11 in Spellcasting
  8408 | D:7      | Killed Maggie
  8409 | D:7      | Reached XP level 9. HP: 50/50 MP: 20/26
  8610 | D:7      | Reached skill level 12 in Spellcasting
  8632 | D:7      | Reached * piety under Vehumet
  8632 | D:7      | Offered knowledge of Freeze by Vehumet.
  8753 | D:7      | Found a basalt altar of Yredelemnul.
  9303 | D:7      | Found a sacrificial altar of Ru.
  9979 | D:8      | Learned a level 4 spell: Flame Wave
 10172 | D:8      | Reached skill level 1 in Fire Magic
 10179 | D:8      | Reached skill level 13 in Spellcasting
 10262 | D:8      | Found a snail-covered altar of Cheibriados.
 10365 | D:8      | Noticed a centaur warrior
 10637 | D:8      | Reached XP level 10. HP: 58/58 MP: 27/29
 10744 | D:8      | Noticed Gastronok
 10972 | D:8      | Killed Gastronok
 10973 | D:8      | Reached skill level 5 in Fighting
 10973 | D:8      | Reached skill level 14 in Spellcasting
 11178 | D:9      | Learned a level 6 spell: Iron Shot
 11187 | D:9      | Noticed Erica
 11194 | D:9      | Killed Erica
 11195 | D:9      | Reached skill level 1 in Earth Magic
 11325 | D:9      | Found a staircase to the Orcish Mines.
 11343 | D:9      | Found a bloodstained altar of Trog.
 11366 | D:9      | Noticed Prince Ribbit
 11373 | D:9      | Killed Prince Ribbit
 11375 | D:9      | Offered knowledge of Sandblast by Vehumet.
 11494 | D:9      | Found a sparkling altar of Nemelex Xobeh.
 11497 | D:9      | Reached ** piety under Vehumet
 11672 | D:9      | Found a runed translucent door.
 11672 | D:9      | Noticed horus123's ghost (journeyman DsWn)
 11743 | D:9      | Reached XP level 11. HP: 63/63 MP: 23/31
 11760 | D:9      | Reached skill level 15 in Spellcasting
 11770 | D:9      | Reached skill level 5 in Fire Magic
 12186 | D:10     | Entered Level 10 of the Dungeon
 12510 | D:10     | Offered knowledge of Stone Arrow by Vehumet.
 12518 | D:10     | Learned a level 3 spell: Stone Arrow
 12677 | D:10     | Found a glowing silver altar of Zin.
 12859 | D:10     | Found a blossoming altar of Fedhas.
 13172 | D:9      | HP: 3/63 [horus123's ghost (4)]
 13183 | D:9      | Killed horus123's ghost
 13465 | D:9      | Got the Disquisition on Bedrock
 13518 | D:11     | Noticed Josephine
 13522 | D:11     | Reached *** piety under Vehumet
 13523 | D:11     | Reached skill level 16 in Spellcasting
 13525 | D:11     | Killed Josephine
 13547 | D:11     | Noticed Grum
 13802 | D:11     | Noticed an obsidian statue
 13858 | D:11     | Found Zeqes's Book Boutique.
 13910 | D:11     | Reached skill level 5 in Armour
 13930 | D:11     | Killed Grum
 13995 | D:11     | Reached skill level 1 in Shields
 13995 | D:11     | Noticed a soul eater
 13999 | D:11     | Offered knowledge of Dazzling Flash by Vehumet.
 13999 | D:11     | Slain by a red devil

Illustrated notes

Levels and vault maps discovered:
D:1:      arrival_zaba_pyramid, layout_loops_ring
D:2:      layout_basic, serial_shops, nicolae_shop_statue_plus, shop,
          minmay_misc_feat_cross
D:3:      layout_basic, serial_shops, nicolae_shop_bloodbath_and_beyond,
          wad_floor_pattern_2
D:4:      layout_gridville, chequers_serial_rivers_room_a,
          nicolae_stop_n_shop_2, grunt_ministairs_4, skrybe_limestone_x,
          dk_vineyard_2
D:5:      layout_rooms, cheibrodos_sewer_entry_sluice, kennysheep_potato
D:6:      layout_basic, temple_fountains
D:7:      layout_basic, yredelemnul_altar_generic,
          nicolae_ru_the_path_less_chosen, serial_shops, nicolae_stop_n_shop_2,
          amcnicky_mini_pool_small, grunt_decor_mini_mirrors,
          lemuel_flame_loot_1, uniq_maggie
D:8:      layout_basic, amcnicky_altar_gilded, uniq_gastronok
D:9:      layout_basic, mainiacjoe_overflow_brackets, trog_ov_bears_minmay,
          orc_0_dummy, hellmonk_ghost_big_iron, uniq_erica, uniq_prince_ribbit1
D:10:     layout_basic, lemuel_coloured_pillars_altar, zin_scriptorium
D:11:     layout_roguey, erik_lair_dragon, serial_shops, nicolae_shop_trees,
          serial_curves, eino_curves_03, eino_curves_01, minmay_statue_bubble,
          uniq_grum, uniq_josephine
Temple:   hellmonk_temple_of_storms

Skill      XL: |  1  2  3  4  5  6  7  8  9 10 11 |
---------------+----------------------------------+-----
Spellcasting   | 5 6 7 9 11 13 14 16 | 16.5
Fighting       | 1 2 3 4 5 |  5.0
Armour         | 1 2 3 5 |  5.0
Conjurations   | 2 3 4 6 7 8 9 |  9.9
Stealth        | 3 |  3.1
Dodging        | 3 |  3.0
Poison Magic   | 1 |  1.0
Air Magic      | 1 2 |  2.1
Evocations     | 1 |  1.2
Fire Magic     | 2 4 6 |  6.5
Earth Magic    | 2 |  2.0
Shields        | 1 |  1.1
Summonings     | |  1.1
Translocations | |  1.1

Action                   |  1- 3 |  4- 6 |  7- 9 | 10-12 || total
-------------------------+-------+-------+-------+-------++-------
Melee: Dagger            |     3 |       |       |       ||     3
       War axe           |       |    16 |       |       ||    16
       Punch             |       |     1 |     4 |       ||     5
       Hand axe          |       |    44 |   154 |    40 ||   238
 Cast: Magic Dart        |   118 |   138 |   241 |    19 ||   516
       Mephitic Cloud    |       |     8 |    24 |    25 ||    57
       Call Imp          |       |     3 |     8 |     2 ||    13
       Flame Wave        |       |       |     1 |    32 ||    33
       Blink             |       |       |     1 |     1 ||     2
       Stone Arrow       |       |       |       |    12 ||    12
Evoke: Wand              |       |       |       |    12 ||    12
 Stab: Confused          |       |     5 |    15 |     5 ||    25
       Distracted        |       |       |     1 |       ||     1
Armor: Robe              |     3 |       |       |       ||     3
       Leather armour    |     1 |    18 |    81 |    27 ||   127
Dodge: Dodged            |    11 |    41 |   114 |    42 ||   208
Block: Other             |     2 |    12 |    38 |    17 ||    69

Table legend: (Time is in decaauts)
 A = Elapsed time spent in this place.
 B = Non-inter-level travel time spent in this place.
 C = Inter-level travel time spent in this place.
 D = Time resting spent in this place.
 E = Time spent auto-exploring this place.
 F = Levels seen in this place.
 G = Mean time per level.
                   A        B        C        D        E       F      G
               +--------+--------+--------+--------+--------+-----+--------+
         Total |  14255 |  13594 |    661 |    932 |  10528 |  13 | 1096.5 |
       Dungeon |  13089 |  12447 |    642 |    932 |   9537 |  11 | 1189.9 |
        Temple |     68 |     49 |     19 |      0 |     35 |   1 |   68.0 |
         Sewer |   1097 |   1097 |      0 |      0 |    956 |   1 | 1097.0 |
               +--------+--------+--------+--------+--------+-----+--------+

Top non-repeatable levels by time:
     D:7: 1794 daAuts
     D:3: 1620 daAuts
     D:9: 1430 daAuts
     D:1: 1349 daAuts
     D:2: 1253 daAuts
     D:4: 1201 daAuts
    D:10: 1151 daAuts
     D:8: 1126 daAuts
   Sewer: 1097 daAuts
     D:6: 999 daAuts
     D:5: 861 daAuts
    D:11: 301 daAuts
  Temple: 68 daAuts
